 Dungeon Crawl Stone Soup version 0.27.1-3-gb3d3a73c9e (webtiles) character file.

Game seed: 888025253597756455

12 omarspendo the Covered (level 2, -2/22 HPs)
             Began as a Human Wanderer on Oct 21, 2021.
             Slain by a quokka (4 damage)
             ... on level 2 of the Dungeon.
             The game lasted 00:04:14 (969 turns).

omarspendo the Covered (Human Wanderer)              Turns: 969, Time: 00:04:15

Health: -2/22      AC:  5    Str: 12    XL:     2   Next: 45%
Magic:  5/5        EV: 10    Int: 14    God:
Gold:   15         SH:  0    Dex: 10    Spells: 5/5 levels left

rFire    . . .     SeeInvis .   a - +0 club
rCold    . . .     Faith    .   (no shield)
rNeg     . . .     Spirit   .   b - +0 ring mail
rPois    .         Reflect  .   (no helmet)
rElec    .         Harm     .   (no cloak)
rCorr    .         Rampage  .   (no gloves)
Will     .....                  (no boots)
Stlth    ..........             (no amulet)
HPRegen  0.07/turn              (no ring)
MPRegen  0.09/turn              (no ring)

@: no status effects
A: no striking features
a: no special abilities


You were on level 2 of the Dungeon.
You visited 1 branch of the dungeon, and saw 2 of its levels.

You collected 15 gold pieces.

Inventory:

Hand Weapons
 a - a +0 club (weapon)
Missiles
 d - 45 stones
Armour
 b - a +0 ring mail (worn)
Scrolls
 e - a scroll of noise {unknown}
Miscellaneous
 c - a lightning rod (3/4) (quivered)


   Skills:
 + Level 2.2 Fighting
 + Level 1.2 Bows
 + Level 2.2 Armour
 + Level 1.0 Shields
 + Level 2.2 Spellcasting
 + Level 1.0 Necromancy
 + Level 1.0 Evocations


You had 5 spell levels left.
You didn't know any spells.
Your spell library contained the following spells:

 Spells                   Type           Power      Damage    Failure   Level
 Sublimation of Blood     Necr           2%         N/A       45%         2
 Corpse Rot               Necr/Air       N/A        N/A       54%         2


Dungeon Overview and Level Annotations

Branches:
Dungeon (2/15)

Altars:

Shops:
D:1 *


Message History

The giant cockroach closely misses you.
The quokka bites you but does no damage.
The giant cockroach closely misses you.
You hit the quokka.
The quokka is heavily wounded.
The quokka bites you but does no damage.
The giant cockroach barely misses you.
The quokka bites you but does no damage.
You hit the quokka but do no damage.
The quokka is moderately wounded.
The giant cockroach bites you but does no damage.
The quokka bites you. The giant cockroach closely misses you.
You hit the quokka but do no damage.
The quokka is moderately wounded.
The quokka bites you.
* * * LOW HITPOINT WARNING * * *
The giant cockroach closely misses you.
The quokka bites you but does no damage.
You hit the quokka.
The quokka is severely wounded.
The giant cockroach closely misses you.
The quokka twitches its whiskers.
The quokka bites you but does no damage.
The giant cockroach bites you but does no damage.
You closely miss the quokka.
The quokka is severely wounded.
The quokka bites you but does no damage.
The giant cockroach closely misses you. The quokka bites you.
* * * LOW HITPOINT WARNING * * *
You hit the quokka.
The quokka is almost dead.
The giant cockroach barely misses you. The quokka closely misses you.
The giant cockroach closely misses you.
You barely miss the quokka.
The quokka is almost dead.
The quokka twitches its whiskers.
The quokka bites you.
* * * LOW HITPOINT WARNING * * *
The giant cockroach closely misses you. The quokka bites you.
You die...

#........... .
#........... ..
#..........# ...
###........... ..".
...........## .....
#..........#
.....h###S.........#
.....hB@rg..<.......
#...#w###..........#
# # #..........#
##.....(..##
##.........
....###### #####


You could see a worm, an adder, a quokka, 2 jackals, a giant cockroach and a
hobgoblin.

Vanquished Creatures
  2 bats (D:1)
  A giant cockroach (D:1)
  A goblin (D:1)
  A hobgoblin (D:1)
  3 jackals (D:1)
  A ball python (D:1)
  A rat (D:1)
10 creatures vanquished.

Notes
Turn   | Place    | Note
-------+----------+-------------------------------------------
     0 | D:1      | omarspendo the Human Wanderer began the quest for the Orb.
     0 | D:1      | omarspendo set off with the following items: a +0 club, a
                  | +0 ring mail, a lightning rod (4/4); and the following
                  | spells available to memorise: Sublimation of Blood, Corpse
                  | Rot
     0 | D:1      | Reached XP level 1. HP: 16/16 MP: 3/3
   393 | D:1      | Reached XP level 2. HP: 15/22 MP: 5/5
   859 | D:1      | Found Dywn's Assorted Antiques.
   969 | D:2      | Slain by a quokka

Illustrated notes

Levels and vault maps discovered:
D:1:      minmay_arrival_cross, layout_basic, serial_shops,
          nicolae_shop_statue_plus
D:2:      layout_rooms, shapermc_ecumenical_altar_flowoftime

Action                   || total
-------------------------++-------
Melee: Club              ||    97
Evoke: Lightning rod     ||     1
Armor: Ring mail         ||    78
Dodge: Dodged            ||   102
